AoeStats
← Sehabe

Arabia

503969546Analyzed
1v1 RM · 29d ago on Sep 3, 2026· 32m 30s· 2 players
Game mode
Random Map
Map size
Tiny (2 player)
Population
200
Speed
Normal
Resources
Standard
Victory
Conquest
Starting age
Dark Age
Ending age
Imperial Age
RankedLock teamsTeams togetherTeam positionsShared explorationLock speedFull tech treeHidden civsTurbo modeCheats
Victory
Defeat
🇹🇷 Romans · Türkiye
1611
+16
🇺🇾 Georgians · Uruguay
1608
-16
Pling Pling
8:59 Loom
11:52 Feudal Age
13:05 Double-Bit Axe
15:04 Horse Collar
15:58 Fletching
18:44 Wheelbarrow
21:46 Castle Age
22:14 Stone Mining
22:56 Bow Saw
23:01 Gold Mining
23:07 Gold Mining
31:14 Sanctity
Sehabe
7:08 Loom
9:21 Feudal Age
9:44 Man-at-Arms
10:42 Double-Bit Axe
18:36 Castle Age
16:51 Horse Collar
17:27 Gold Mining
17:46 Scale Mail Armor
19:43 Bow Saw
19:59 Long Swordsman
22:25 Chain Mail Armor
28:35 Squires
28:48 Forging
Connection lost

Rejoining the realm…

Still unreachable

The connection could not be restored.

Session expired

The server has moved on; the page needs a fresh start.